 Dungeon Crawl Stone Soup version 0.23-a0-395-gcf17ac6c65 (webtiles) character file.

1257 Notair the Cleaver (level 8, -4/73 HPs)
             Began as a Minotaur Gladiator on Nov 2, 2018.
             Was a Believer of Okawaru.
             Slain by an orc warrior
             ... wielding a +0 war axe
              (13 damage)
             ... on level 6 of the Dungeon.
             The game lasted 00:09:19 (5187 turns).

Notair the Cleaver (Minotaur Gladiator)             Turns: 5187, Time: 00:09:21

Health: -4/73      AC: 12    Str: 21    XL:     8   Next: 27%
Magic:  5/7        EV:  9    Int:  5    God:    Okawaru [**....]
Gold:   353        SH:  0    Dex: 12    Spells: 7/7 levels left

rFire    . . .     SeeInvis .   a - +0 war axe
rCold    . . .     Gourm    .   (no shield)
rNeg     . . .     Faith    .   j - +0 plate armour
rPois    .         Spirit   .   c - +0 hat
rElec    .         Reflect  .   (no cloak)
rCorr    .         Harm     .   (no gloves)
MR       .....                  (no boots)
Stlth    ..........             (no amulet)
HPRegen  0.22/turn              (no ring)
MPRegen  0.10/turn              (no ring)

@: heroism, drained
A: retaliatory headbutt, horns 2
a: Heroism, Renounce Religion


You were on level 6 of the Dungeon.
You worshipped Okawaru.
Okawaru was pleased with you.
You were very hungry.

You visited 2 branches of the dungeon, and saw 7 of its levels.

You collected 353 gold pieces.

Inventory:

Hand Weapons
 a - a +0 war axe (weapon)
 t - a -1 hunting sling
 w - a cursed +4 morningstar
Missiles
 d - 4 throwing nets (quivered)
 k - 141 stones
 l - 21 bolts
Armour
 c - a +0 hat (worn)
 j - a +0 plate armour (worn)
Jewellery
 p - an uncursed ring of poison resistance {unknown}
 B - an uncursed ring of protection from fire {unknown}
 E - a cursed ring of attention {unknown}
Wands
 m - a wand of random effects (13)
 x - a wand of iceblast (7)
 A - a wand of flame (22)
Scrolls
 e - 3 scrolls of remove curse
 h - 3 scrolls of teleportation
 o - a scroll of immolation
 r - 2 scrolls of fog
 y - a scroll of enchant weapon {unknown}
 D - a scroll of fear {unknown}
Potions
 b - 2 potions of magic
 g - a potion of invisibility
 i - a potion of brilliance
 q - 2 potions of ambrosia
 u - a potion of haste
 v - 3 potions of lignification
 z - a potion of might {unknown}
 C - 2 potions of cancellation
 F - a potion of flight {unknown}
Comestibles
 f - 13 rations


   Skills:
 + Level 7.2(12.2) Fighting
 * Level 10.4(15.3) Axes
 - Level 2.0(6.9) Throwing
 - Level 3.2(8.2) Dodging


You had 7 spell levels left.
You didn't know any spells.
Your spell library was empty.

Dungeon Overview and Level Annotations

Branches:
Dungeon (6/15)             Temple (1/1) D:4

Altars:
Ashenzari
Cheibriados
Fedhas
Gozag
Kikubaaqudgha
Makhleb
Nemelex Xobeh
Okawaru
Qazlal
Ru
Sif Muna
Wu Jian
Yredelemnul

Shops:
D:4 [


Innate Abilities, Weirdness & Mutations

You reflexively headbutt those who attack you in melee.
You have a pair of horns on your head.


Message History

You hit the wight but do no damage.
The centaur hits you but does no damage.
The wight hits you from afar with a cursed +2 halberd.
* * * LOW HITPOINT WARNING * * *
The orc wizard mumbles some strange words.
The orc wizard seems to speed up.
Your plate armour prevents you from hitting the centaur.
You headbutt the centaur!
You kill the centaur!
Okawaru accepts your kill.
You hit the wight but do no damage.
The wight hits you with a cursed +0 battleaxe!
* * * LOW HITPOINT WARNING * * *
You feel better.
An orc comes into view. It is wielding a +0 flail.
The wight hits you with a cursed +2 dagger.
* * * LOW HITPOINT WARNING * * *
The wight closely misses you.
The orc warrior hits you with a +0 war axe!
You die...

#.... #.... . ####.... #
...#..... ..##...... .#
.##...#....
........z##.###..##..##..#.
.........##..##.###..##.##.
.........(.z.....##..#...#.
......)((z.#.....#...#.....
...o.....z##.........#....#
#.......oo@....(.##.)...###
#..#..#..).z..##.......##
#. #########...#....#.## .
##...###...#..#####
##.....####....#
#.......#......#
#..._.....##...#
#.......######## ##.....##


You could see an orc warrior, 4 wights, an orc wizard and an orc.

Vanquished Creatures
  2 ogres
  A black bear (D:5)
  3 centaurs (D:6)
  A bullfrog (D:6)
  5 wights (D:6)
  A bullfrog zombie (D:5)
  2 hounds (D:6)
  2 orc wizards
  An iguana (D:5)
  2 worker ants (D:6)
  A hound zombie (D:6)
  3 hound skeletons
  4 gnolls (D:5)
  7 adders
  2 adder skeletons
  2 worms
  3 dart slugs
  8 leopard geckos
  16 orcs
  5 bats
  4 giant cockroaches
  6 goblins
  6 hobgoblins
  4 jackals (D:6)
  A quokka (D:5)
  2 ball pythons
  A frilled lizard (D:1)
  A jackal zombie (D:6)
  5 kobolds
  7 rats
108 creatures vanquished.

Vanquished Creatures (others)
  5 toadstools (D:1)
5 creatures vanquished.

Grand Total: 113 creatures vanquished

Notes
Turn   | Place    | Note
-------+----------+-------------------------------------------
     0 | D:1      | Notair the Minotaur Gladiator began the quest for the Orb.
     0 | D:1      | Reached XP level 1. HP: 18/18 MP: 0/0
    63 | D:1      | Reached skill level 4 in Axes
    84 | D:1      | Reached XP level 2. HP: 10/25 MP: 1/1
   656 | D:1      | Reached XP level 3. HP: 25/31 MP: 2/2
  1138 | D:2      | Found a deep blue altar of Sif Muna.
  1187 | D:2      | Reached skill level 5 in Axes
  1792 | D:3      | Reached XP level 4. HP: 35/38 MP: 3/3
  2392 | D:4      | Reached skill level 6 in Axes
  2412 | D:4      | Reached XP level 5. HP: 46/46 MP: 4/4
  2510 | D:4      | Found a staircase to the Ecumenical Temple.
  2534 | Temple   | Entered the Ecumenical Temple
  2611 | Temple   | Became a worshipper of Warmaster Okawaru
  2919 | D:4      | Found Muipt's Antique Armour Shop.
  3121 | D:4      | Found a sacrificial altar of Ru.
  3215 | D:5      | Entered Level 5 of the Dungeon
  3602 | D:5      | Noticed an ogre
  3609 | D:5      | Killed an ogre
  3609 | D:5      | Reached skill level 5 in Fighting
  3609 | D:5      | Reached skill level 7 in Axes
  3609 | D:5      | Reached XP level 6. HP: 22/56 MP: 5/5
  3978 | D:5      | Found a shattered altar of Ashenzari.
  4157 | D:5      | Reached * piety under Okawaru
  4167 | D:5      | Reached skill level 8 in Axes
  4167 | D:5      | Reached XP level 7. HP: 40/61 MP: 6/6
  4220 | D:5      | Found an ornate altar of the Wu Jian Council.
  4428 | D:6      | Reached skill level 9 in Axes
  4580 | D:6      | Reached ** piety under Okawaru
  4868 | D:6      | Reached skill level 10 in Axes
  4868 | D:6      | Reached XP level 8. HP: 12/71 MP: 4/7
  5141 | D:6      | Found a sparkling altar of Nemelex Xobeh.
  5182 | D:6      | HP: 3/73 [centaur/arrow (5)]
  5187 | D:6      | Slain by an orc warrior

Vault maps used:
D:1:      elethiomel_arrival_infinity_welcomes_careful_drivers,
          minmay_gold_behind_fungi
D:2:      nicolae_overflow_crystal_walls, st_stairs_9, small_statue_intersection
D:4:      minmay_temple_entry_water_ring, serial_shops, shop_statue,
          first_ration, nicolae_ru_the_path_less_chosen
D:5:      kennysheep_mini_moat, overflow_temple_1_default
D:6:      lemuel_coloured_pillars_altar, lemuel_round_altar, glass_columns_a
Temple:   dpeg_chambers_temple

Skill      XL: |  1  2  3  4  5  6  7  8 |
---------------+-------------------------+-----
Axes           | 4 5 6 7 8 10 | 10.4
Fighting       | 3 4 5 6 7 |  7.2
Throwing       | |  2.0
Dodging        | |  3.2

Action                   |  1- 3 |  4- 6 |  7- 9 || total
-------------------------+-------+-------+-------++-------
Melee: War axe           |    73 |   142 |    60 ||   275
       Headbutt          |     8 |    30 |    16 ||    54
Throw: Throwing net      |       |     1 |     1 ||     2
Invok: Heroism           |       |       |     2 ||     2
Evoke: Wand              |       |       |     1 ||     1
  Use: Scroll            |     4 |     8 |     3 ||    15
       Potion            |       |       |     2 ||     2
  Eat: Ration            |     1 |       |       ||     1
       Chunk             |       |     7 |     2 ||     9
Armor: Leather armour    |    17 |       |       ||    17
       Plate armour      |     6 |    88 |    32 ||   126
Dodge: Dodged            |    51 |    52 |    40 ||   143

Table legend:
 A = Non-vault XP
 B = Vault XP
 C = Vault XP percentage of total XP
 D = Non-vault monster count
 E = Vault monster count
 F = Vault count percentage of total count
                 A         B        C        D         E       F
            +---------+---------+-------+---------+---------+-------
      Total |    1792 |       5 |   0.3 |     106 |       2 |   1.9
            +---------+---------+-------+---------+---------+-------
        D:1 |      45 |       0 |   0.0 |      23 |       0 |   0.0
        D:2 |      22 |       5 |  18.5 |       6 |       2 |  25.0
        D:3 |     105 |       0 |   0.0 |      22 |       0 |   0.0
        D:4 |      95 |       0 |   0.0 |      11 |       0 |   0.0
        D:5 |     485 |       0 |   0.0 |      18 |       0 |   0.0
        D:6 |    1040 |       0 |   0.0 |      26 |       0 |   0.0
            +---------+---------+-------+---------+---------+-------
